 Dungeon Crawl Stone Soup version 0.27.1 (webtiles) character file.

Game seed: 14572841253906826824

495544 Gwenloh the Unseen (level 24, -3/130 HPs)
             Began as a Vine Stalker Brigand on Sept 4, 2021.
             Was the Champion of Jiyva.
             Succumbed to a green draconian knight's poison gas
             ... on level 1 of the Realm of Zot on Sept 5, 2021.
             The game lasted 04:01:45 (50671 turns).

Gwenloh the Unseen (Vine Stalker Brigand)          Turns: 50671, Time: 04:01:46

Health: -3/130     AC: 26    Str: 14    XL:     24   Next: 81%
Magic:  40/55      EV: 26    Int: 20    God:    Jiyva [******]
Gold:   3566       SH: 18    Dex: 27    Spells: 53/60 levels left

rFire    + . .     SeeInvis +   a - +8 Vampire's Tooth {vamp}
rCold    + + .     Faith    .   e - +6 buckler of Abstinence {rN++}
rNeg     + + +     Spirit   +   i - +4 faerie dragon scales {Rampage rN+ rCorr}
rPois    .         Reflect  +   Y - +2 hat
rElec    +         Harm     .   c - +1 cloak
rCorr    +         Rampage  +   t - +1 pair of gloves
Will     ++++.                  x - +2 pair of boots
Stlth    ++++++++++             E - amulet "Binyer" {Reflect *Corrode Int+8 SH+5}
HPRegen  1.31/turn              H - ring of Waca {Will+ MP+9}
MPRegen  0.34/turn              S - ring "Zouheh" {rElec rF+ rC++ SInv Stlth+}

@: lethally poisoned (-3 -> -20), studying 2 skills
A: fangs 3, regeneration 1, magic shield, antimagic bite, no potion heal 2,
camouflage 1, eyeballs 1, gelatinous body 3, jelly sensing items, engulf
}: 3/15 runes: slimy, silver, gossamer
a: Renounce Religion, Request Jelly, Slimify, Cure Bad Mutation


You were on level 1 of the Realm of Zot.
You worshipped Jiyva.
Jiyva was exalted by your worship.
You visited 9 branches of the dungeon, and saw 46 of its levels.
You also visited: Desolation.

You collected 6382 gold pieces.
You spent 2816 gold pieces at shops.

Inventory:

Hand Weapons
 a - the +8 Vampire's Tooth (weapon) {vamp}
   (You acquired it on level 4 of the Dungeon)

   It occasionally heals its wielder for the full amount of damage dealt when it
   wounds a living foe.
 b - the +11 hand crossbow "Ulalaad" {elec, rN+ Stlth+}
   (You found it on level 5 of the Lair of Beasts)

   Any ammunition fired from it occasionally discharges a powerful burst of
   electricity upon striking a foe.
   rN:        It protects you from negative energy.
   Stlth:     It makes you more stealthy.
 J - the +10 spear "Giesip" {elec, rElec Int+3 Stlth+}
   (You found it on level 1 of the Lair of Beasts)

   It occasionally discharges a powerful burst of electricity upon striking a
   foe.
   Int:       It affects your intelligence (+3).
   rElec:     It insulates you from electricity.
   Stlth:     It makes you more stealthy.
Missiles
 Z - 817 bolts
Armour
 c - a +1 cloak (worn)
 e - the +6 buckler of Abstinence (worn) {rN++}
   (You found it on level 5 of the Pits of Slime)

   rN:        It greatly protects you from negative energy.
 i - the +4 faerie dragon scales (worn) {Rampage rN+ rCorr}
   (You took it off the Enchantress on level 2 of the Depths)

   rN:        It protects you from negative energy.
   rCorr:     It protects you from acid and corrosion.
   Rampage:   It bestows one free step when moving towards enemies.
 t - a +1 pair of gloves (worn)
 x - a +2 pair of boots (worn)
 D - a +2 troll leather armour
 Y - a +2 hat (worn)
Jewellery
 d - the amulet of Kiss {Rampage Will+ Regen+ Stlth-}
   (You found it on level 5 of the Pits of Slime)

   [amulet of regeneration]

   Regen:     It increases your rate of health regeneration.
   Rampage:   It bestows one free step when moving towards enemies.
   Will:      It increases your willpower.
   Stlth:     It makes you less stealthy.
 j - a ring of flight
 k - an amulet of the acrobat
 E - the amulet "Binyer" (around neck) {Reflect *Corrode Int+8 SH+5}
   (You found it on level 5 of the Pits of Slime)

   [amulet of reflection]

   It reflects blocked missile attacks.
   Int:       It affects your intelligence (+8).
   *Corrode:  It may corrode you when you take damage.
   SH:        It affects your SH (+5).
 H - the ring of Waca (left hand) {Will+ MP+9}
   (You found it on level 2 of the Lair of Beasts)

   [ring of willpower]

   MP:        It affects your magic capacity (+9).
   Will:      It increases your willpower.
 L - the ring of Greater Demons {Will+ Dex+6}
   (You took it off a vault warden on level 5 of the Vaults)

   [ring of dexterity]

   Dex:       It affects your dexterity (+6).
   Will:      It increases your willpower.
 M - a ring of wizardry
 P - an amulet of regeneration
 S - the ring "Zouheh" (right hand) {rElec rF+ rC++ SInv Stlth+}
   (You bought it in a shop on level 4 of the Dungeon)

   [ring of protection from fire]

   rF:        It protects you from fire.
   rC:        It greatly protects you from cold.
   rElec:     It insulates you from electricity.
   SInv:      It lets you see invisible.
   Stlth:     It makes you more stealthy.
 U - a ring of poison resistance
Wands
 g - a wand of flame (61)
 o - a wand of mindburst (16) (quivered)
 u - a wand of polymorph (35)
 z - a wand of charming (25)
 K - a wand of iceblast (33)
 X - a wand of paralysis (12)
Scrolls
 f - a scroll of enchant armour
 m - 9 scrolls of teleportation
 q - a scroll of torment
 w - 4 scrolls of vulnerability
 y - 4 scrolls of holy word
 A - 4 scrolls of enchant weapon
 B - 5 scrolls of fear
 C - 7 scrolls of magic mapping
 F - 8 scrolls of fog
 G - a scroll of brand weapon
Potions
 l - a potion of cancellation
 n - 8 potions of curing
 p - 8 potions of attraction
 r - a potion of ambrosia
 s - 3 potions of might
 v - a potion of brilliance
 I - a potion of resistance
 O - 2 potions of haste
 R - a potion of magic {unknown}
 T - 3 potions of mutation
 W - 2 potions of flight
Miscellaneous
 N - a condenser vane (inert)
 Q - a box of beasts
 V - a phantom mirror


   Skills:
 + Level 14.6 Fighting
 - Level 13.6 Short Blades
 - Level 1.7 Throwing
 + Level 11.4 Armour
 - Level 12.2 Dodging
 - Level 20.0 Stealth
 - Level 4.0 Shields
 + Level 18.8 Spellcasting
 + Level 14.4 Translocations
 + Level 16.2 Evocations


You had 53 spell levels left.
You knew the following spells:

 Your Spells              Type           Power      Damage    Failure   Level
a - Manifold Assault      Tloc           67%        N/A       1%          5
b - Blink                 Tloc           N/A        N/A       0%          2

Your spell library contained the following spells:

 Spells                   Type           Power      Damage    Failure   Level
 Beastly Appendage        Tmut           36%        N/A       3%          1
 Freeze                   Ice            72%        1d9       3%          1
 Sandblast                Erth           36%        2d10      3%          1
 Shock                    Conj/Air       72%        1d7       3%          1
 Sting                    Tmut/Pois      72%        1d6       3%          1
 Corpse Rot               Necr/Air       N/A        N/A       5%          2
 Passwall                 Tmut/Erth      15%        N/A       5%          2
 Static Discharge         Conj/Air       18%        N/A       5%          2
 Conjure Flame            Conj/Fire      18%        6-21      11%         3
 Dazzling Flash           Conj/Hex       36%        N/A       11%         3
 Inner Flame              Hex/Fire       18%        N/A       11%         3
 Mephitic Cloud           Conj/Pois/Air  18%        N/A       11%         3
 Vampiric Draining        Necr           9%         2d7       11%         3
 Ice Form                 Ice/Tmut       18%        N/A       36%         4
 Petrify                  Tmut/Erth      18%        N/A       36%         4
 Sticky Flame             Conj/Fire      18%        2d4       36%         4
 Summon Ice Beast         Ice/Summ       18%        N/A       36%         4
 Agony                    Necr           18%        N/A       71%         5
 Alistair's Intoxication  Tmut/Pois      12%        N/A       71%         5
 Blade Hands              Tmut           9%         N/A       71%         5
 Irradiate                Conj/Tmut      9%         3d17      71%         5
 Lee's Rapid Deconstruct  Erth           9%         3d8*      71%         5
 Lightning Bolt           Conj/Air       9%         1d21      71%         5
 Metabolic Englaciation   Hex/Ice        9%         N/A       71%         5
 Silence                  Hex/Air        9%         N/A       71%         5
 Summon Mana Viper        Hex/Summ       18%        N/A       71%         5
 Death Channel            Necr           9%         N/A       99%         6
 Eringya's Noxious Bog    Tmut/Pois      9%         N/A       99%         6
 Statue Form              Tmut/Erth      12%        N/A       99%         6
 Dragon Form              Tmut           9%         N/A       100%        7
 Monstrous Menagerie      Summ           9%         N/A       100%        7
 Storm Form               Tmut/Air       9%         N/A       100%        7
 Borgnjor's Revivificati  Necr           9%         N/A       100%        8
 Maxwell's Capacitive Co  Air            9%         ∞         100%        8
 Necromutation            Tmut/Necr      9%         N/A       100%        8
 Death's Door             Necr           9%         N/A       100%        9


Dungeon Overview and Level Annotations

Branches:
Dungeon (15/15)            Temple (1/1) D:5            Lair (6/6) D:8
 Shoals (0/4) Lair:3       Spider (4/4) Lair:3        Slime (5/5) Lair:6
    Orc (2/2) D:12            Elf (0/3) Orc:2        Vaults (5/5) D:14
  Crypt (0/3) Vaults:3     Depths (5/5) D:15            Zot (3/5) Depths:5
Desolation (visited)

Altars:
Ashenzari
Cheibriados
Dithmenos
Elyvilon
Fedhas
Gozag
Hepliaklqana
Kikubaaqudgha
Makhleb
Nemelex Xobeh
Okawaru
Qazlal
Ru
Sif Muna
Trog
Uskayaw
Vehumet
Wu Jian
Xom
Yredelemnul
Zin
The Shining One
Jiyva

Shops:
D:4 *   D:6 [   D:11 *   D:15 :   Orc:2 :***   Vaults:5 ?!?   Depths:3 *([[

Portals:
Hell: Depths:1 Depths:2 Depths:3 Depths:4 Depths:5
Abyss: Depths:3 Depths:4 Depths:5
Pandemonium: Depths:2 Depths:3 Depths:4 Depths:5
Ziggurat: Depths:2

Annotations:
D:3 2 transporters, 3 runed translucent doors, Nanban's ghost, amateur DsNe
Lair:1 exclusion: oklob plant
Lair:3 exclusion: oklob plant
Slime:5 Royal Jelly


Innate Abilities, Weirdness & Mutations

You have razor-sharp teeth.
Your natural rate of healing is unusually fast.
When hurt, damage is shared between your health and your magic reserves.
Your bite disrupts and absorbs the magic of your enemies.
Potions cannot restore your health.
Your skin changes colour to match your surroundings (Stealth+).
Your body has grown golden eyes which may confuse attackers. (Acc +3)
Your gelatinous body deflects attacks. (AC +3, EV +3)
You have a small jelly attached to you that senses nearby items.
Your melee attacks may engulf your foes in ooze.


Message History

You are engulfed in poison gas.
You are more poisoned.
* * * LOW HITPOINT WARNING * * *
x2 You feel sick.
Your system rejects the healing.
You feel better.
You are engulfed in poison gas.
You are poisoned.
* * * LOW HITPOINT WARNING * * *
You feel very sick.
The green draconian is asphyxiated!
You kill the green draconian!
Casting: Manifold Assault (mildly dangerous; 1% risk of failure)
Confirm with . or Enter, or press ? or * to list all spells.
You can't see any susceptible monsters within range! (Use Z to cast anyway.)
Casting: Manifold Assault (mildly dangerous; 1% risk of failure)
Confirm with . or Enter, or press ? or * to list all spells.
You blink.
You feel very sick.
Something closely misses the white draconian annihilator.
You feel sick.
The white draconian annihilator gestures wildly while chanting.
The white draconian annihilator blinks!
You feel sick.
You feel sick.
You feel sick.
You feel sick.
You feel sick.
The green draconian knight breathes poison at you.
The blast of poison engulfs you but does no damage.
You are more poisoned.
There is a stone staircase leading up here.
You are engulfed in poison gas.
You are lethally poisoned!
* * * LOW HITPOINT WARNING * * *
x2 You feel extremely sick.
The green draconian knight points at you and mumbles some strange words.
The bolt of cold hits you! You resist.
* * * LOW HITPOINT WARNING * * *
You climb upwards.
You die...

.# #.........##.#.....# .#
####.J.......##.#.....##
.######............##.#......#
......'............##.#......#
##
.######............##.###....#
#. ....#
#J...........##.###.)..###.
.##.#
###..........##............
###.#
#.######'########........ #.#
#.# #@#.....##........ #.#
#.######.......######.... #.#
#.......J#.##### ####. #.#
########.#.# #. #.# ####.#.#
#. #.# #....#.# #. #.#
#.####.# #. #.# ###....#.# #.
#.#######......#.# ##


You could see 2 neutral jellies (fellow slime).

Vanquished Creatures
  A juggernaut (Depths:4)
  Mara (Depths:4)
  A Killer Klown (Zot:2)
  Xtahua (Depths:4)
  3 curse toes
  A caustic shrike (Depths:4)
  Nikola (Spider:2)
  the Enchantress (Depths:2)
  7 golden dragons
  A bone dragon (Vaults:3)
  An electric golem (Zot:1)
  9 tentacled monstrosities
  4 liches
  2 quicksilver dragons
  4 titans
  3 death cobs
  7 tengu reavers
  Frances (D:14)
  4 sphinxes
  2 thorn hunters (Depths:2)
  Gastronok (D:12)
  8 storm dragons
  4 shadow dragons
  2 draconian knights
  14 fire giants
  14 vault wardens
  2 deep elf sorcerers (Vaults:5)
  6 ghost moths
  A balrug (Depths:3)
  3 emperor scorpions
  2 iron dragons (Vaults:5)
  15 frost giants
  A draconian scorcher (Zot:3)
  An orc warlord (Vaults:2)
  2 draconian shifters
  16 ironbound preservers
  2 reapers (Depths:1)
  4 war gargoyles
  3 spriggan defenders
  22 very ugly things
  8 stone giants
  3 vampire knights
  8 black draconians
  2 green draconians
  5 entropy weavers (Spider:4)
  2 deep elf demonologists (Vaults:5)
  Nessos (D:15)
  5 purple draconians
  5 white draconians
  3 red draconians
  Azrael (D:13)
  3 dire elephants (Vaults:2)
  7 spark wasps
  2 yellow draconians
  Snorg (D:10)
  A crystal guardian (Vaults:3)
  A blizzard demon (Depths:2)
  6 ettins
  An eleionoma (Depths:2)
  A merfolk impaler (Depths:4)
  A ragged hierophant (Desolation)
  Josephine (D:14)
  7 fire dragons
  13 yaktaur captains
  2 deep elf high priests (Vaults:5)
  4 rakshasas
  28 vault guards
  Erolcha (D:13)
  A hell beast (Depths:5)
  4 ironbound thunderhulks
  10 hydras
  10 ice dragons
  2 catoblepae
  7 boulder beetles
  6 ironbound frosthearts
  4 spriggan air magi
  2 peacekeepers (Vaults:3)
  3 ogre magi
  8 centaur warriors
  A death knight (D:12)
  The ghost of Wogokhlo the Spry, a journeyman FeBe of Trog (Lair:5)
  4 satyrs (Depths:2)
  2 dancing weapons (D:14)
  12 death yaks
  3 vampire magi
  5 deep troll shamans
  2 tengu warriors
  12 two-headed ogres
  A shock serpent (shapeshifter) (Vaults:5)
  9 deep troll earth magi
  3 orc high priests (Orc:2)
  5 spriggan berserkers
  5 ironbound beastmasters
  11 hell knights
  Sonja (D:12)
  A soul eater (Depths:5)
  A sun demon (Depths:5)
  A sixfirhy (Depths:5)
  A skeletal warrior (D:10)
  A fire crab (D:15)
  6 iron trolls
  A shadow demon (Depths:4)
  50 deep trolls
  2 flayed ghosts
  19 ironbound convokers
  8 lindwurms
  A deep elf pyromancer (D:12)
  A torturous demonspawn (Depths:5)
  5 phantasmal warriors
  4 harpies (Vaults:1)
  28 wolf spiders
  6 necromancers
  9 orc knights
  8 wizards
  An orb spider (shapeshifter) (Vaults:5)
  18 orb spiders
  A stone giant zombie (Depths:1)
  47 ugly things
  An oklob plant (Lair:1)
  A manticore (D:15)
  6 orc sorcerers
  10 moths of wrath
  3 cyclopes
  4 fauns (Depths:2)
  15 vault sentinels
  11 elephants
  3 smoke demons
  3 black mambas
  2 water nymphs (Depths:2)
  Joseph (D:7)
  2 torpor snails
  Maggie (D:8)
  A gargoyle (D:11)
  A kobold demonologist (Depths:4)
  An orange demon (Depths:5)
  13 cane toads
  Psyche (D:10)
  A hellion (Depths:5)
  A freezing wraith (D:15)
  13 demonic crawlers
  7 rime drakes
  An unseen horror (D:11)
  27 yaktaurs
  14 komodo dragons
  A hellwing (Depths:3)
  4 tengu conjurers
  21 jumping spiders
  3 meliai (Spider:4)
  A saltling (Desolation)
  A wind drake (Lair:3)
  8 trolls
  A queen bee (D:9)
  2 hornets
  17 blink frogs
  7 dream sheep (Lair:2)
  64 redbacks
  17 flying skulls (D:14)
  A deep troll skeleton (Depths:1)
  7 water elementals
  29 tarantellas
  A spriggan skeleton (Depths:1)
  53 yaks
  7 wyverns
  5 wraiths
  A shadow (D:13)
  8 vampires
  18 basilisks
  A fire elemental (D:13)
  2 steam dragons
  4 vampire mosquitoes
  2 wargs
  2 acid dragons (D:10)
  16 water moccasins
  A hell hound (D:13)
  A water moccasin (shapeshifter) (D:10)
  25 orc warriors
  2 sky beasts
  A black bear (Lair:1)
  7 boggarts
  6 wolves (Lair:3)
  9 ogres
  2 necrophages (D:7)
  6 centaurs
  A phantom (D:5)
  7 kobold brigands
  6 bullfrogs
  2 scorpions (D:5)
  4 gnoll sergeants
  19 killer bees
  7 wights
  3 electric eels
  9 howler monkeys
  A bullfrog zombie (D:5)
  10 centaur zombies
  A jelly (D:4)
  A centaur skeleton (D:5)
  4 gnoll shamans
  7 human zombies (D:14)
  11 orc priests
  3 hounds (D:6)
  3 iron imps (D:8)
  2 bullfrog skeletons (D:5)
  Ijyb (D:4)
  4 hell rats
  4 iguanas
  26 orc wizards
  3 hound skeletons
  2 howler monkey zombies
  12 gnolls
  9 adders
  A shadow imp (D:8)
  2 white imps (D:5)
  An adder skeleton (D:4)
  A worm (D:2)
  3 dart slugs
  55 orcs
  4 endoplasms
  A giant cockroach (D:1)
  6 hobgoblins
  7 jackals
  2 quokkas
  5 ball pythons
  18 bats
  3 frilled lizards
  6 goblins
  13 kobolds
  11 rats
  A spectral orc (D:5)
  6 pillars of salt (Vaults:2)
1471 creatures vanquished.

Vanquished Creatures (collateral kills)
  A juggernaut (Depths:5)
  A titan (Vaults:5)
  Donald (Spider:3)
  A vault warden (Vaults:4)
  An ironbound preserver (Vaults:5)
  A yaktaur captain (Vaults:4)
  A rakshasa (D:11)
  A vault guard (Vaults:5)
  An iron troll (Depths:5)
  3 deep trolls
  2 orb spiders
  A wolf spider (Spider:3)
  A cyclops (D:14)
  An orange demon (Depths:5)
  A yaktaur (Vaults:4)
  A meliai zombie (D:11)
  4 yaks (D:12)
  A vampire (D:14)
24 creatures vanquished.

Vanquished Creatures (others)
  A golden dragon (Depths:5)
  2 azure jellies (Vaults:5)
  2 tentacled monstrosities (Vaults:5)
  2 acid blobs (Vaults:5)
  A sphinx (Vaults:5)
  A tengu reaver (Vaults:5)
  A draconian shifter (Depths:5)
  A stone giant (Vaults:5)
  10 great orbs of eyes
  A deep elf demonologist (Vaults:5)
  A white draconian (Depths:5)
  A boulder beetle (Vaults:4)
  4 vault guards (Vaults:4)
  A centaur warrior (D:13)
  A deep troll shaman (Depths:1)
  A tengu warrior (Depths:2)
  2 ironbound beastmasters
  A glowing orange brain (Depths:3)
  An orc knight (Vaults:2)
  A necromancer (Depths:3)
  5 wizards
  A lindwurm (Vaults:4)
  A manticore (D:12)
  3 ugly things
  A faun (Depths:2)
  A guardian serpent (shapeshifter) (Vaults:5)
  A demonic crawler (Spider:4)
  A yaktaur (Vaults:1)
  28 slime creatures
  A queen bee (shapeshifter) (Vaults:5)
  A jumping spider (Spider:4)
  A merfolk (shapeshifter) (Vaults:5)
  A raiju (shapeshifter) (Vaults:5)
  A slime creature (shapeshifter) (Vaults:5)
  A redback (shapeshifter) (Vaults:2)
  A wraith (D:12)
  A yak (Lair:2)
  2 fire elementals (D:13)
  A floating eye (Depths:4)
  327 jellies
  4 hell hounds (D:13)
  An orc warrior (Vaults:2)
  4 ogres
  A boggart (Vaults:4)
  11 centaurs
  3 kobold brigands
  2 bullfrogs
  5 killer bees
  4 wights (D:7)
  5 howler monkeys
  3 hounds (D:6)
  A centaur zombie (D:7)
  3 orc priests (D:6)
  A bullfrog skeleton (D:6)
  A centaur skeleton (D:6)
  7 orc wizards
  An iguana (D:6)
  A hell rat (Lair:5)
  A mummy (D:7)
  9 orcs
  A giant cockroach (D:10)
  2 kobolds (D:9)
  109 fungi
  352 plants
  10 withered plants (D:7)
958 creatures vanquished.

Grand Total: 2453 creatures vanquished

Notes
Turn   | Place    | Note
-------+----------+-------------------------------------------
     0 | D:1      | Gwenloh the Vine Stalker Brigand began the quest for the
                  | Orb.
     0 | D:1      | Reached XP level 1. HP: 11/11 MP: 2/2
   253 | D:1      | Reached skill level 5 in Stealth
   614 | D:1      | Reached skill level 1 in Dodging
   614 | D:1      | Reached XP level 2. HP: 11/15 MP: 3/3
  1439 | D:2      | Reached XP level 3. HP: 18/18 MP: 4/4
  2086 | D:2      | Gained mutation: Your natural rate of healing is unusually
                  | fast. [Vine Stalker growth]
  2086 | D:2      | Reached XP level 4. HP: 21/23 MP: 3/6
  2204 | D:2      | Reached skill level 6 in Stealth
  2210 | D:2      | Reached skill level 1 in Spellcasting
  2321 | D:2      | Found a faded altar of an unknown god.
  2740 | D:3      | Noticed an ogre
  2741 | D:3      | Found a snail-covered altar of Cheibriados.
  2753 | D:3      | Noticed a scorpion
  2757 | D:3      | Found a transporter.
  2773 | D:3      | Found a transporter.
  2860 | D:3      | Reached XP level 5. HP: 26/26 MP: 7/7
  2905 | D:3      | Found a runed translucent gate.
  2905 | D:3      | Found a runed translucent gate.
  2907 | D:3      | Found a runed translucent gate.
  2907 | D:3      | Noticed a kobold brigand
  2909 | D:3      | Noticed Nanban's ghost (amateur DsNe)
  2927 | D:3      | Found a broken altar of Ashenzari.
  3582 | D:4      | Noticed an ogre
  3595 | D:4      | Killed an ogre
  3596 | D:4      | Reached skill level 7 in Stealth
  3596 | D:4      | Reached XP level 6. HP: 17/30 MP: 3/10
  3642 | D:4      | Noticed Ijyb
  3658 | D:4      | Killed Ijyb
  3816 | D:4      | Found Qaojebez's General Store.
  4005 | D:5      | Entered Level 5 of the Dungeon
  4061 | D:5      | Noticed a wyvern
  4071 | D:5      | Killed a wyvern
  4072 | D:5      | Reached XP level 7. HP: 25/35 MP: 6/11
  4161 | D:5      | Reached skill level 8 in Stealth
  4659 | D:5      | Found a staircase to the Ecumenical Temple.
  4668 | Temple   | Entered the Ecumenical Temple
  4755 | Temple   | Became a worshipper of Jiyva Jathriol the Shapeless
  4812 | D:5      | Gained mutation: You have razor-sharp teeth. [Vine Stalker
                  | growth]
  4812 | D:5      | Reached XP level 8. HP: 39/39 MP: 13/13
  4884 | D:5      | Reached skill level 9 in Stealth
  4948 | D:5      | Found a basalt altar of Yredelemnul.
  5286 | D:6      | Found a stormy altar of Qazlal.
  5288 | D:6      | Found a white marble altar of Elyvilon.
  5328 | D:6      | Found Eptosm's Antique Armour Emporium.
  5559 | D:6      | Reached * piety under Jiyva
  5654 | D:6      | Reached skill level 10 in Stealth
  5704 | D:6      | Reached XP level 9. HP: 42/42 MP: 10/16
  5973 | D:6      | Reached skill level 5 in Short Blades
  6006 | D:6      | Noticed a troll
  6032 | D:6      | Killed a troll
  6200 | D:6      | Reached ** piety under Jiyva
  6293 | D:6      | Reached skill level 11 in Stealth
  6491 | D:6      | Reached skill level 5 in Spellcasting
  6884 | D:7      | Noticed Joseph
  6888 | D:7      | Killed Joseph
  6893 | D:7      | Reached *** piety under Jiyva
  7049 | D:7      | Identified 3 scrolls of acquirement
  7049 | D:7      | Acquired the ring "Jimnong" {rF+ rC+ rCorr Str+2 SInv}
  7052 | D:7      | Acquired 1001 gold pieces
  7142 | D:4      | Bought a manual of Short Blades for 960 gold pieces
  7143 | D:4      | Acquired the +8 Vampire's Tooth {vamp}
  7143 | D:4      | Found the +8 Vampire's Tooth {vamp}
  7263 | D:7      | Reached skill level 5 in Dodging
  7303 | D:7      | Reached skill level 12 in Stealth
  7432 | D:7      | Reached XP level 10. HP: 45/46 MP: 19/19
  7522 | D:7      | Got the Grimoire of Toxic Moulding
  7930 | D:8      | Noticed Maggie
  7932 | D:8      | Killed Maggie
  8011 | D:8      | Found a burning altar of Makhleb.
  8042 | D:8      | Gained mutation: Your translucent skin slightly reduces
                  | your foes' accuracy. (Stealth+) [Jiyva's grace]
  8181 | D:8      | Reached **** piety under Jiyva
  8352 | D:8      | Found an opulent altar of Gozag.
  8382 | D:8      | Found a staircase to the Lair.
  8467 | Lair:1   | Entered Level 1 of the Lair of Beasts
  8527 | Lair:1   | Reached skill level 13 in Stealth
  8527 | Lair:1   | Noticed a seven-headed hydra
  8591 | Lair:1   | Killed a seven-headed hydra
  8601 | Lair:1   | Gained mutation: You are partially covered in iridescent
                  | scales. (AC +2) [Jiyva's grace]
  8602 | Lair:1   | Reached ***** piety under Jiyva
  8687 | Lair:1   | Noticed a cane toad
  8701 | Lair:1   | Reached XP level 11. HP: 50/50 MP: 22/22
  8785 | Lair:1   | Reached skill level 14 in Stealth
  8991 | Lair:1   | Noticed an oklob plant
  8993 | Lair:1   | Noticed an oklob plant
  9025 | Lair:1   | Killed an oklob plant
  9097 | Lair:1   | HP: 1/50 [acid (5)]
  9226 | Lair:1   | Identified the +10 spear "Giesip" {elec, rElec Int+3
                  | Stlth+}
  9394 | Lair:2   | Noticed a seven-headed hydra
  9412 | Lair:2   | Killed a seven-headed hydra
  9466 | Lair:2   | Noticed an eight-headed hydra
  9478 | Lair:2   | Killed an eight-headed hydra
  9600 | Lair:2   | Reached skill level 15 in Stealth
  9667 | Lair:2   | Noticed a seven-headed hydra
  9672 | Lair:2   | Gained mutation: You expend magic power (3 MP) to
                  | strengthen your wands. [Jiyva's grace]
  9674 | Lair:2   | Killed a seven-headed hydra
  9675 | Lair:2   | Reached XP level 12. HP: 54/54 MP: 25/25
  9787 | Lair:2   | Reached skill level 10 in Short Blades
 10027 | Lair:2   | Identified the ring of Waca {Will+ MP+9}
 10744 | Lair:2   | Reached skill level 1 in Evocations
 10772 | Lair:3   | Reached skill level 16 in Stealth
 10872 | Lair:3   | Found a staircase to the Shoals.
 10890 | Lair:3   | Found a hole to the Spider Nest.
 11833 | Lair:4   | Noticed a five-headed hydra
 11845 | Lair:4   | Killed a five-headed hydra
 11854 | Lair:4   | Reached XP level 13. HP: 58/58 MP: 27/27
 13006 | Lair:5   | Reached skill level 10 in Spellcasting
 13096 | Lair:5   | Lost mutation: You are partially covered in iridescent
                  | scales. (AC +2) [Jiyva's grace]
 13103 | Lair:5   | Identified the +11 hand crossbow "Ulalaad" {elec, rN+
                  | Stlth+}
 13764 | Lair:5   | Reached skill level 17 in Stealth
 13831 | Lair:5   | Reached skill level 5 in Evocations
 14198 | Lair:5   | Reached XP level 14. HP: 58/63 MP: 29/29
 14571 | Lair:6   | Entered Level 6 of the Lair of Beasts
 14898 | Lair:6   | Found a viscous altar of Jiyva.
 14898 | Lair:6   | Found a staircase to the Slime Pits.
 14974 | Lair:6   | Noticed Wogokhlo's ghost (journeyman FeBe)
 14980 | Lair:6   | Found a runed translucent gate.
 14980 | Lair:6   | Found a runed translucent gate.
 14980 | Lair:6   | Found a runed translucent gate.
 15824 | Lair:5   | Killed Wogokhlo's ghost
 16005 | Slime:1  | Entered Level 1 of the Pits of Slime
 16005 | Slime:1  | Noticed a quicksilver ooze
 16031 | Slime:4  | Noticed a quicksilver ooze
 16035 | Slime:5  | Entered Level 5 of the Pits of Slime
 16045 | Slime:5  | Noticed an acid blob
 16055 | Slime:5  | Noticed the Royal Jelly
 16057 | Slime:5  | Noticed an acid blob
 16066 | Slime:5  | Found a viscous altar of Jiyva.
 16086 | Slime:5  | Noticed an acid blob
 16088 | Slime:5  | Noticed an acid blob
 16089 | Slime:5  | Noticed a rockslime
 16091 | Slime:5  | Noticed an azure jelly
 16092 | Slime:5  | Noticed a quicksilver ooze
 16098 | Slime:5  | Noticed an azure jelly
 16101 | Slime:5  | Noticed an acid blob
 16101 | Slime:5  | Noticed a rockslime
 16116 | Slime:5  | Noticed an azure jelly
 16123 | Slime:5  | Noticed an azure jelly
 16130 | Slime:5  | Noticed an acid blob
 16211 | Slime:5  | Noticed an acid blob
 16221 | Slime:5  | Noticed an acid blob
 16276 | Slime:5  | Noticed an acid blob
 16278 | Slime:5  | Noticed an acid blob
 16387 | Slime:3  | Noticed an acid blob
 16396 | Slime:2  | Noticed a rockslime
 16583 | D:9      | Found a hide-covered altar of Uskayaw.
 16583 | D:9      | Found a shimmering blue altar of Sif Muna.
 16583 | D:9      | Found a blossoming altar of Fedhas.
 16691 | D:9      | Gained mutation: You are partially covered in iridescent
                  | scales. (AC +2) [Jiyva's grace]
 17484 | D:10     | Entered Level 10 of the Dungeon
 17529 | D:10     | Noticed Snorg
 17536 | D:10     | Killed Snorg
 17562 | D:10     | Noticed Psyche
 17569 | D:10     | Killed Psyche
 17743 | D:10     | Reached skill level 18 in Stealth
 17899 | D:10     | Reached ****** piety under Jiyva
 17902 | D:10     | Gained mutation: You are strong-willed. (Will+) [Jiyva's
                  | grace]
 17964 | D:10     | Found a sacrificial altar of Ru.
 18028 | D:10     | Identified the +1 leather armour "Fyl Myega" {Rampage
                  | Will++ Dex-2}
 18238 | Slime:2  | Noticed a quicksilver ooze
 18253 | Slime:4  | Noticed an acid blob
 18275 | Slime:5  | Gained mutation: Your translucent skin reduces your foes'
                  | accuracy. (Stealth+) [Jiyva's grace]
 18288 | Slime:5  | Noticed an acid blob
 18291 | Slime:5  | Got a slimy rune of Zot
 18298 | Slime:5  | Gained mutation: You are mostly covered in iridescent
                  | scales. (AC +4) [Jiyva's grace]
 18307 | Slime:5  | Identified the amulet of Kiss {Rampage Will+ Regen+ Stlth-}
 18315 | Slime:5  | Got the Compendium of Igneous Changing
 18316 | Slime:5  | Identified the +6 buckler of Abstinence {rN++}
 18332 | Slime:5  | Got the Catalogue of Unholy Toxins
 18333 | Slime:5  | Identified the +0 leather armour of the Lich-sworn {+Inv
                  | Regen+}
 18334 | Slime:5  | Identified the +5 hand axe of Jaasukh {drain, Str+3}
 18340 | Slime:5  | Lost mutation: You are mostly covered in iridescent scales.
                  | (AC +4) [Jiyva's grace]
 18341 | Slime:5  | Identified the +1 hand axe "Beast's Death Toll" {vamp, rC+
                  | rCorr Str+3}
 18351 | Slime:5  | Identified the amulet "Binyer" {Reflect *Corrode Int+8
                  | SH+5}
 18354 | Slime:5  | Identified the +8 hand crossbow "Rifaec" {freeze, Contam
                  | rN+ Int+3}
 18660 | D:10     | Lost mutation: Your translucent skin reduces your foes'
                  | accuracy. (Stealth+) [Jiyva's grace]
 18745 | D:10     | Reached skill level 10 in Dodging
 18970 | D:11     | Got the Guide on Lightness
 19061 | D:11     | Gained mutation: You have a small jelly attached to you
                  | that may absorb incoming projectiles. [Jiyva's grace]
 19141 | D:11     | Gained mutation: Your melee attacks may engulf your foes in
                  | ooze. [Jiyva's grace]
 19206 | D:11     | Reached XP level 15. HP: 66/66 MP: 31/31
 19266 | D:10     | Reached skill level 1 in Shields
 19444 | D:11     | Gained mutation: You are highly strong-willed. (Will++)
                  | [Jiyva's grace]
 19687 | D:11     | Found Guef Myepn's Serpentskin Sales.
 19764 | D:11     | Lost mutation: You expend magic power (3 MP) to strengthen
                  | your wands. [Jiyva's grace]
 20137 | D:12     | Noticed Gastronok
 20155 | D:12     | Killed Gastronok
 20246 | D:12     | Gained mutation: You are covered in fur. (AC +1) [Jiyva's
                  | grace]
 20410 | D:12     | Noticed Sonja
 20418 | D:12     | Killed Sonja
 20609 | D:12     | Found a staircase to the Orcish Mines.
 20736 | D:12     | Gained mutation: Your flesh is heat resistant. (rF+)
                  | [Jiyva's grace]
 20977 | D:12     | Identified the +8 spear of Distraction {elec, rElec rF+}
 20990 | D:13     | Noticed Erolcha
 20997 | D:13     | Killed Erolcha
 21013 | D:13     | Lost mutation: You are highly strong-willed. (Will++)
                  | [Jiyva's grace]
 21138 | D:13     | Noticed Azrael
 21171 | D:13     | Killed Azrael
 21673 | D:14     | Lost mutation: Your flesh is heat resistant. (rF+) [Jiyva's
                  | grace]
 21696 | D:14     | Acquired 1138 gold pieces
 21923 | D:14     | Found an ancient bone altar of Kikubaaqudgha.
 22071 | D:14     | Identified the +8 plate armour of Death's Door {Dex+6}
 22154 | D:14     | Gained mutation: You have a somewhat thin skeletal
                  | structure. (Dex +2, Stealth+) [Jiyva's grace]
 22218 | D:14     | Noticed Frances
 22225 | D:14     | Killed Frances
 22226 | D:14     | Reached skill level 1 in Armour
 22371 | D:14     | Found a gate to the Vaults.
 22404 | D:14     | Noticed Josephine
 22414 | D:14     | Killed Josephine
 22437 | D:14     | Reached XP level 16. HP: 72/72 MP: 33/33
 22470 | D:14     | Found a frozen archway.
 22515 | D:14     | Found a shimmering blue altar of Sif Muna.
 22699 | D:14     | Reached skill level 19 in Stealth
 22805 | D:15     | Entered Level 15 of the Dungeon
 22953 | D:15     | Found Veqawy's Book Boutique.
 23160 | D:15     | Noticed Nessos
 23163 | D:15     | Killed Nessos
 23328 | D:15     | Found a staircase to the Depths.
 23343 | D:15     | Gained mutation: Your rubbery body absorbs attacks. (AC +1,
                  | EV +1) [Jiyva's grace]
 23626 | Orc:1    | Entered Level 1 of the Orcish Mines
 23777 | Orc:1    | Gained mutation: You are clumsy. (Dex -2) [Jiyva's grace]
 24139 | Orc:2    | Entered Level 2 of the Orcish Mines
 24195 | Orc:2    | Found a staircase to the Elven Halls.
 24331 | Orc:1    | Lost mutation: You are clumsy. (Dex -2) [Jiyva's power]
 24352 | Orc:2    | Gained mutation: Your pliable body absorbs attacks. (AC +2,
                  | EV +2) [Jiyva's grace]
 24444 | Orc:2    | Found Gahupuom's General Store.
 24673 | Orc:2    | Found Oviysm's General Store.
 24677 | Orc:2    | Found Yhiuzoij's Book Shop.
 24679 | Orc:2    | Found Fugraniw's Assorted Antiques.
 24709 | Orc:2    | Bought a scroll of identify for 30 gold pieces
 24929 | Orc:2    | Lost mutation: You are partially covered in iridescent
                  | scales. (AC +2) [Jiyva's grace]
 25001 | Orc:2    | Lost mutation: You are strong-willed. (Will+) [Jiyva's
                  | grace]
 25511 | Spider:1 | Entered Level 1 of the Spider Nest
 25662 | Spider:1 | Reached skill level 5 in Fighting
 26748 | D:4      | Bought the ring "Zouheh" {rElec rF+ rC++ SInv Stlth+} for
                  | 762 gold pieces
 27043 | Spider:2 | Noticed Nikola
 27050 | Spider:2 | Killed Nikola
 27076 | Spider:2 | Reached XP level 17. HP: 80/80 MP: 35/35
 27115 | Spider:2 | Gained mutation: You passively map a small area around you.
                  | [Jiyva's grace]
 27534 | Spider:3 | Reached skill level 10 in Evocations
 27705 | Spider:3 | Noticed Donald
 27771 | Spider:3 | Killed Donald
 27772 | Spider:3 | Reached skill level 5 in Armour
 28190 | Spider:4 | Entered Level 4 of the Spider Nest
 28252 | Spider:4 | Reached skill level 20 in Stealth
 28319 | Spider:4 | Gained mutation: Your system is resistant to poisons.
                  | (rPois) [Jiyva's grace]
 28388 | Spider:4 | Learned a level 5 spell: Manifold Assault
 28489 | Spider:4 | Reached skill level 1 in Translocations
 29762 | Spider:4 | Reached XP level 18. HP: 88/88 MP: 37/37
 29848 | Spider:4 | Got a gossamer rune of Zot
 29849 | Spider:4 | Gained mutation: Your translucent skin reduces your foes'
                  | accuracy. (Stealth+) [Jiyva's grace]
 30340 | Vaults:1 | Entered Level 1 of the Vaults
 30650 | Vaults:1 | Noticed a lich
 30652 | Vaults:1 | Killed a lich
 30702 | Vaults:1 | Reached skill level 5 in Translocations
 31001 | Vaults:1 | Gained mutation: You have a small jelly attached to you
                  | that senses nearby items. [Jiyva's grace]
 31005 | Vaults:1 | Identified the +1 leather armour of Pragmatism {rF+ Will+
                  | Dex-3 Slay+2}
 31569 | Vaults:1 | Lost mutation: Your pliable body absorbs attacks. (AC +2,
                  | EV +2) [Jiyva's grace]
 31659 | Vaults:2 | Found a crumbling gateway.
 31682 | Desolati | Entered the Desolation of Salt
 32028 | Vaults:2 | Gained mutation: You are partially covered in iridescent
                  | scales. (AC +2) [Jiyva's grace]
 32597 | Vaults:2 | Reached XP level 19. HP: 96/96 MP: 38/38
 32674 | Vaults:2 | Gained mutation: You are robust. (+10% HP) [Jiyva's grace]
 32834 | Vaults:2 | Reached skill level 15 in Spellcasting
 32967 | Vaults:2 | Lost mutation: You are partially covered in iridescent
                  | scales. (AC +2) [Jiyva's grace]
 33111 | Vaults:2 | Gained mutation: You are partially covered in iridescent
                  | scales. (AC +2) [Jiyva's grace]
 33716 | Vaults:3 | Gained mutation: You are clumsy. (Dex -2) [Jiyva's grace]
 33770 | Vaults:3 | Noticed a bone dragon
 33772 | Vaults:3 | Found a staircase to the Crypt.
 33774 | Vaults:3 | Killed a bone dragon
 34325 | Vaults:3 | Lost mutation: You are clumsy. (Dex -2) [Jiyva's grace]
 35098 | Vaults:4 | Reached skill level 10 in Fighting
 35250 | Vaults:4 | Lost mutation: You have a somewhat thin skeletal structure.
                  | (Dex +2, Stealth+) [Jiyva's grace]
 35447 | Vaults:4 | Gained mutation: You are strong-willed. (Will+) [Jiyva's
                  | grace]
 35905 | Vaults:4 | Reached XP level 20. HP: 112/112 MP: 40/40
 36160 | Vaults:4 | Gained mutation: Your pliable body absorbs attacks. (AC +2,
                  | EV +2) [Jiyva's grace]
 36369 | Vaults:5 | Entered Level 5 of the Vaults
 36498 | Vaults:4 | Lost mutation: Your translucent skin reduces your foes'
                  | accuracy. (Stealth+) [Jiyva's grace]
 36559 | Vaults:4 | Lost mutation: You passively map a small area around you.
                  | [Jiyva's grace]
 36641 | Vaults:4 | Gained mutation: Your gelatinous body deflects attacks. (AC
                  | +3, EV +3) [Jiyva's grace]
 36836 | Vaults:5 | Identified the ring "Puse" {rElec rPois MP-9 Dex+4}
 37066 | Vaults:5 | Lost mutation: Your system is resistant to poisons. (rPois)
                  | [Jiyva's grace]
 37085 | Vaults:5 | Lost mutation: You are partially covered in iridescent
                  | scales. (AC +2) [Jiyva's grace]
 37218 | Vaults:5 | Lost mutation: You are robust. (+10% HP) [Jiyva's grace]
 37239 | Vaults:5 | Got Tolin's Guide on Ice and Ignition
 37458 | Vaults:5 | Lost mutation: You are covered in fur. (AC +1) [Jiyva's
                  | grace]
 37541 | Vaults:5 | Identified the ring of Greater Demons {Will+ Dex+6}
 37616 | Vaults:5 | Identified the +1 tower shield of Privacy {rElec Str-3
                  | Int+2 Dex+3}
 37624 | Vaults:5 | Reached skill level 10 in Translocations
 37708 | Vaults:5 | Learned a level 2 spell: Blink
 37871 | Vaults:5 | Noticed a golden dragon
 37887 | Vaults:5 | Reached XP level 21. HP: 109/109 MP: 42/42
 38139 | Vaults:4 | Killed a golden dragon
 38141 | Vaults:4 | Gained mutation: You are agile. (Dex +2) [Jiyva's grace]
 38258 | Vaults:5 | Gained mutation: You have a pair of small horns on your
                  | head. [Jiyva's grace]
 38273 | Vaults:5 | Lost mutation: You have a pair of small horns on your head.
                  | [Jiyva's grace]
 38388 | Vaults:5 | Gained mutation: Your flesh is heat resistant. (rF+)
                  | [Jiyva's grace]
 38466 | Vaults:5 | Gained mutation: Armour fits poorly on your pseudopods.
                  | [Jiyva's grace]
 38757 | Vaults:5 | Lost mutation: Armour fits poorly on your pseudopods.
                  | [Jiyva's grace]
 38896 | Vaults:5 | Noticed an ancient lich
 38896 | Vaults:5 | Identified the ring of Fuyllur {Str+6 Dex+2}
 38943 | Vaults:5 | Slimified an ancient lich
 38943 | Vaults:5 | an ancient lich changed into an acid blob
 39065 | Vaults:5 | Identified the +9 arbalest "Impbane" {elec, Int+3}
 39107 | Vaults:5 | Identified the +4 short sword of Wuat Zen {speed, rPois rF-
                  | rCorr Stlth-}
 39255 | Vaults:5 | Gained mutation: Your body has grown golden eyes which may
                  | confuse attackers. (Acc +3) [Jiyva's grace]
 39430 | Vaults:5 | Found Ekhla's Distillery.
 39435 | Vaults:5 | Bought a potion of haste for 210 gold pieces
 39442 | Vaults:5 | Got a silver rune of Zot
 39461 | Vaults:5 | Found Quasomn's Magic Scroll Boutique.
 39466 | Vaults:5 | Bought a scroll of teleportation for 42 gold pieces
 39466 | Vaults:5 | Bought a scroll of acquirement for 728 gold pieces
 39470 | Vaults:5 | Acquired 1106 gold pieces
 39486 | Vaults:5 | Found Ahanama's Magic Scroll Shop.
 39491 | Vaults:5 | Bought a scroll of fog for 42 gold pieces
 39491 | Vaults:5 | Bought a scroll of fog for 42 gold pieces
 39631 | Vaults:2 | Lost mutation: Your flesh is heat resistant. (rF+) [Jiyva's
                  | grace]
 39719 | Depths:1 | Entered Level 1 of the Depths
 39719 | Depths:1 | Found a blossoming altar of Fedhas.
 40106 | Depths:1 | Lost mutation: You are agile. (Dex +2) [Jiyva's grace]
 40689 | Depths:1 | Gained mutation: You are frail. (-10% HP) [Jiyva's grace]
 41027 | Depths:1 | Found a gateway to Hell.
 41216 | Depths:2 | Reached XP level 22. HP: 104/104 MP: 44/44
 41251 | Depths:2 | Found a gateway to a ziggurat.
 41483 | Depths:2 | Gained mutation: You are partially covered in iridescent
                  | scales. (AC +2) [Jiyva's grace]
 41709 | Depths:2 | Lost mutation: Your translucent skin slightly reduces your
                  | foes' accuracy. (Stealth+) [Jiyva's grace]
 41709 | Depths:2 | Gained mutation: Your skin changes colour to match your
                  | surroundings (Stealth+). [Jiyva's grace]
 41785 | Depths:2 | Found a one-way gate leading to the halls of Pandemonium.
 41873 | Depths:2 | Identified the +5 lajatang "Kumocw" {flame, rPois Dex+2
                  | SInv}
 41888 | Depths:2 | Noticed the Enchantress
 41922 | Depths:2 | Killed the Enchantress
 41955 | Depths:2 | Lost mutation: You are strong-willed. (Will+) [Jiyva's
                  | grace]
 41980 | Depths:2 | Gained mutation: You possess an exceptional clarity of
                  | mind. [Jiyva's grace]
 42377 | Depths:2 | Lost mutation: You are frail. (-10% HP) [Jiyva's power]
 42629 | Depths:3 | Found Haihoixo's Armour Boutique.
 42644 | Depths:3 | Found Cadghiod's Armour Boutique.
 42644 | Depths:3 | Found Laoh's Assorted Antiques.
 42673 | Depths:3 | Found Juaprol's Antique Weapon Shop.
 42683 | Depths:3 | Identified the +8 halberd of Currency {holy, rF+ rCorr
                  | Int+6 Dex-2}
 43205 | Depths:3 | Lost mutation: You are partially covered in iridescent
                  | scales. (AC +2) [Jiyva's grace]
 43856 | Depths:3 | Found a one-way gate to the infinite horrors of the Abyss.
 43894 | Depths:3 | Found an ornate altar of the Wu Jian Council.
 43948 | Depths:4 | Noticed Xtahua
 43978 | Depths:4 | Killed Xtahua
 43991 | Depths:4 | Lost mutation: You possess an exceptional clarity of mind.
                  | [Jiyva's grace]
 44076 | Depths:4 | Noticed a caustic shrike
 44112 | Depths:4 | Killed a caustic shrike
 44263 | Depths:4 | Noticed Mara
 44268 | Depths:4 | Killed Mara
 44269 | Depths:4 | Reached skill level 15 in Evocations
 44269 | Depths:4 | Reached XP level 23. HP: 122/122 MP: 45/45
 44458 | Depths:4 | Gained mutation: Armour fits poorly on your pseudopods.
                  | [Jiyva's grace]
 44544 | Depths:4 | Noticed a golden dragon
 44585 | Depths:4 | Killed a golden dragon
 44622 | Depths:4 | Noticed a golden dragon
 44624 | Depths:4 | Killed a golden dragon
 44633 | Depths:4 | Noticed a golden dragon
 44633 | Depths:4 | Noticed a juggernaut
 44652 | Depths:4 | Killed a juggernaut
 44692 | Depths:4 | Killed a golden dragon
 44877 | Depths:4 | Gained mutation: Your system is resistant to poisons.
                  | (rPois) [Jiyva's grace]
 45030 | Depths:4 | Reached skill level 10 in Armour
 45481 | Depths:5 | Entered Level 5 of the Depths
 45736 | Depths:5 | Found a gate to the Realm of Zot.
 45736 | Depths:5 | Noticed a golden dragon
 45736 | Depths:5 | Noticed a golden dragon
 45737 | Depths:5 | Noticed a golden dragon
 45739 | Depths:5 | Killed a golden dragon
 45788 | Depths:5 | Slimified a golden dragon
 45788 | Depths:5 | a golden dragon changed into an acid blob
 45790 | Depths:5 | Killed a golden dragon
 45820 | Depths:5 | Lost mutation: Your system is resistant to poisons. (rPois)
                  | [Jiyva's grace]
 46332 | Depths:5 | Noticed a juggernaut
 46364 | Depths:5 | Killed a juggernaut
 46698 | Depths:5 | Gained mutation: You possess an exceptional clarity of
                  | mind. [Jiyva's grace]
 46774 | Zot:1    | Entered Level 1 of the Realm of Zot
 46828 | Zot:1    | You fall into a shaft and drop 1 floor!
 47010 | Zot:1    | Reached XP level 24. HP: 122/128 MP: 46/46
 47122 | Zot:1    | Lost mutation: Armour fits poorly on your pseudopods.
                  | [Jiyva's grace]
 47289 | Zot:1    | Noticed a curse toe
 47334 | Zot:1    | Killed a curse toe
 48301 | Zot:2    | Noticed a Killer Klown
 48331 | Zot:2    | Lost mutation: You possess an exceptional clarity of mind.
                  | [Jiyva's grace]
 48335 | Zot:2    | Killed a Killer Klown
 48588 | Zot:2    | Noticed a curse toe
 48755 | Zot:2    | Identified the +6 dagger of Mourning {freeze, rN+}
 48864 | Zot:2    | Killed a curse toe
 49517 | Zot:2    | Lost mutation: You have a small jelly attached to you that
                  | may absorb incoming projectiles. [Jiyva's grace]
 50105 | Zot:3    | Noticed a curse toe
 50113 | Zot:3    | Killed a curse toe
 50630 | Zot:2    | HP: 6/130 [poisoned by something (poison gas)]
 50637 | Zot:2    | HP: 4/130 [poisoned by a green draconian (poison gas)]
 50638 | Zot:2    | HP: 1/130 [poisoned by a green draconian (poison gas)]
 50670 | Zot:2    | HP: 5/130 [poisoned by a green draconian knight (poison
                  | gas)]
 50671 | Zot:1    | Succumbed to a green draconian knight's poison gas

Illustrated notes

Levels and vault maps discovered:
D:1:      dpeg_arrival_prison, layout_loops_cross
D:2:      layout_loops_ring, basic_ecumenical_altar, minmay_heptomino_w4
D:3:      layout_loops_ring, gammafunk_temple_overflow_arena,
          nicolae_overflow_crystal_walls, gammafunk_ghost_nasty_kobolds,
          grunt_decor_cap
D:4:      layout_rooms, serial_shops, nicolae_shop_crystal,
          minmay_misc_feat_diagonals, st_stairs_5, uniq_ijyb
D:5:      layout_loops_ring, yredelemnul_forgotten_temple_becter,
          minmay_temple_entry_proselytizer, minmay_pentangle
D:6:      lemuel_castle_with_subvaults [lemuel_castle_interior_carwin_2],
          layout_basic, elyvilon_altar_5, overflow_temple_1_default,
          nicolae_wooded_promenade
D:7:      layout_rooms, serial_undead, serial_undead_f, serial_undead_b,
          serial_undead_a, serial_undead_c, chequers_big_river, minivault_24,
          uniq_joseph
D:8:      layout_basic, demons_altar, grunt_gozag_breadcrumbs,
          david_lair_shrubbed, uniq_maggie
D:9:      layout_basic, grunt_temple_overflow_open,
          nicolae_looking_at_the_future
D:10:     layout_irregular_city, nicolae_ru_great_annihilating_truth,
          hangedman_decor_riveting, onia_ninara_cookie, uniq_snorg, uniq_psyche
D:11:     minmay_bloctagon, layout_irregular_city, guppyfry_shop_venom
D:12:     layout_long_grid, kennysheep_orc_monster_closet_entryway,
          nicolae_zen_rock_garden, uniq_gastronok, uniq_sonja
D:13:     layout_roguey, uniq_azrael, uniq_erolcha
D:14:     lemuel_vampire_tower, layout_irregular_city, erik_vaults_1,
          lemuel_blue_sif_altar, serial_glass, glass_columns_a, glass_columns_c,
          portal_ice_cave_entry_pillars_2, uniq_josephine, uniq_frances
D:15:     hangedman_depths_entry_civil_slaughter, layout_cave_pools, hex_medium,
          serial_shops, nicolae_square_shop, small_chamber_with_monster,
          uniq_nessos
Temple:   pf_slimified_temple
Lair:1:   dpeg_oklob_gauntlet, layout_loops_ring, columned_hall_lemuel
Lair:2:   layout_cave_pods
Lair:3:   layout_concentric_octagons, minmay_shoals_entry_beasts,
          spider_nest_entry_webs, kennysheep_basilisk_garden,
          lemuel_fruit_fields
Lair:4:   layout_small_grid, chequers_serial_rivers_small_3,
          serial_bayou_shore_a
Lair:5:   layout_long_grid, special_room [special_room_mythical_zoo],
          beast_lair_carwin_1, lemuel_fruit_fields
Lair:6:   wormcave, layout_cellular_growth, slime_altar_1, gammafunk_ghost_split
Spider:1: layout_spider_delve, hangedman_spider_tarantella_strand
Spider:2: layout_spider_delve, uniq_nikola
Spider:3: layout_spider_delve, uniq_donald
Spider:4: grunt_spider_rune_island
Slime:1:  nicolae_slime_pool, layout_caves
Slime:2:  cheibrodos_slime_lost_civilization_3, layout_caves
Slime:3:  layout_caves, cheibrodos_slime_lost_civilization_6
Slime:4:  layout_caves
Slime:5
Orc:1:    layout_caves, nicolae_orc_bridge_out
Orc:2:    st_orc_elflike, layout_caves
Vaults:1: grunt_vaults_swirl, nicolae_vaults_little_squares_1,
          ontoclasm_vaults_tryst, v_misc_31, nicolae_vaults_three_branches,
          v_misc_33, v_misc_30, ontoclasm_vaults_gateway,
          nicolae_vaults_ring_of_whatevers, nicolae_vaults_rhombus_6,
          layout_vaults_omnicross
Vaults:2: v_pattern_1, ontoclasm_vaults_spin, hangedman_vaults_capsules,
          nicolae_vaults_little_squares_3, hangedman_vaults_unwind,
          vaults_room_door_hall, vaults_room_fours, nicolae_vaults_display_case,
          ontoclasm_vaults_idyll, ontoclasm_vaults_ring_small,
          layout_vaults_omnibox, portal_desolation_entry_garden
Vaults:3: vaults_mumra_chevron, minmay_crypt_entry_nasty_monster,
          nicolae_vaults_network_s, vaults_room_door_ring,
          nicolae_vaults_alarming, vaults_dpeg_diagonal, v_misc_27,
          ontoclasm_vaults_fault, ontoclasm_vaults_loading_screen,
          layout_vaults_big_room
Vaults:4: v_rooms_4, v_misc_16, v_misc_18, v_rooms_5, grunt_vaults_diagonal,
          nicolae_vaults_little_squares_5, nicolae_vaults_little_squares_3,
          ontoclasm_vaults_eye, v_misc_13, layout_vaults_quadrants, uniq_margery
Vaults:5: serial_shops
Depths:1: layout_big_octagon, serial_co_window_serial, co_window_paths_a,
          co_window_paths_b, co_window_paths_b, co_window_cross_1,
          co_window_cross_1, co_window_corner_a, co_window_paths_a,
          co_window_paths_a, co_window_of_opportunity_a, co_window_corner_b,
          co_window_of_opportunity_b, co_window_corner_ca, co_window_broadway_b,
          co_window_paths_c, glass_columns_c, glass_columns_b, glass_columns_b,
          pf_dread_powers_of_hell, fedhas_altar_3
Depths:2: grunt_forest_end_winery, layout_basic, enter_ziggurat_b, pan_entry,
          hangedman_coc_ice_floe, serial_bayou_pond_a,
          infiniplex_staircase_pool_1
Depths:3: minmay_chopped_fan, layout_gridlike, abyss_entry_small_statue_room,
          lightli_too_deep, grunt_pan_entry_zigzag,
          infiniplex_staircase_spiral_double, pdpol_wu_jian_five_deadly_venoms,
          minmay_shoptagon
Depths:4: evilmike_horseshoe, layout_basic, hangedman_decor_diamond_cutter,
          hell_entry, pan_entry, abyss_entry, nrook_kobold_shadow_demons,
          uniq_xtahua, uniq_mara
Depths:5: grunt_zot_entry_tricorne, layout_gridville, abyss_entry, hellmouth_1,
          rand_demon_pan_entry_8, grunt_decor_arrowhead
Zot:1:    layout_basic
Zot:2:    layout_onion_interference, st_single_dragon_hoard_1
Zot:3:    layout_cellular_growth, zot_minivault_1

Skill      XL: |  1  2  3  4  5  6  7  8  9 10 11 12 13 14 15 16 17 18 19 20 21 22 23 24 |
---------------+-------------------------------------------------------------------------+-----
Stealth        | 5 6 7 8 10 12 13 15 16 17 18 19 20 | 20.0
Dodging        | 1 2 3 4 5 6 7 8 9 10 11 12 | 12.2
Fighting       | 2 5 7 9 10 11 12 13 14 | 14.6
Short Blades   | 2 3 4 6 8 9 11 12 13 | 13.6
Spellcasting   | 1 2 3 4 5 7 8 9 10 11 12 13 14 15 16 17 18 | 18.8
Evocations     | 3 5 7 8 9 11 12 13 14 15 16 | 16.2
Shields        | 4 |  4.0
Armour         | 1 4 5 6 8 9 10 11 | 11.4
Translocations | 4 6 8 10 11 12 13 14 | 14.4
Throwing       | |  1.7

Action                   |  1- 3 |  4- 6 |  7- 9 | 10-12 | 13-15 | 16-18 | 19-21 | 22-24 || total
-------------------------+-------+-------+-------+-------+-------+-------+-------+-------++-------
Melee: Dagger            |    93 |   148 |   346 |       |       |       |       |       ||   587
       Bite              |    22 |    43 |   121 |   340 |   898 |  1508 |  1700 |  1440 ||  6072
       Unarmed           |       |     1 |       |       |       |       |       |     9 ||    10
       Quick blade       |       |       |    34 |   735 |  2101 |  2606 |  2911 |  2560 || 10947
       Pseudopods        |       |       |       |       |       |       |    32 |   299 ||   331
 Fire: Hand crossbow     |       |       |       |       |       |       |   172 |   188 ||   360
Throw: Dart              |     7 |    13 |       |     2 |     2 |       |       |       ||    24
 Cast: Manifold Assault  |       |       |       |       |       |    32 |    42 |    15 ||    89
       Blink             |       |       |       |       |       |       |       |     5 ||     5
Invok: Request Jelly     |       |       |     1 |       |       |       |     4 |       ||     5
       Cure Bad Mutation |       |       |       |       |       |     2 |       |     1 ||     3
       Slimify           |       |       |       |       |       |       |     8 |     1 ||     9
Evoke: Condenser vane    |       |       |       |       |       |     3 |       |     4 ||     7
       Phantom mirror    |       |       |       |       |       |     2 |       |       ||     2
       Wand              |       |       |       |       |       |       |       |     1 ||     1
  Use: Scroll            |       |     1 |     3 |    14 |     7 |     7 |     8 |     2 ||    42
       Potion            |       |       |       |       |     1 |     2 |     3 |     7 ||    13
 Stab: Sleeping          |    13 |     6 |     9 |    15 |    59 |    49 |    15 |    29 ||   195
       Distracted        |       |       |       |     2 |    11 |     9 |    12 |    11 ||    45
       Held in net/web   |       |       |       |       |       |     2 |       |       ||     2
       Confused          |       |       |       |       |       |       |     9 |    17 ||    26
Armor: Robe              |    19 |     2 |       |       |       |       |       |       ||    21
       Leather armour    |       |    19 |    40 |       |       |       |       |       ||    59
       Troll leather arm |       |       |    29 |    71 |   174 |   215 |   221 |    17 ||   727
       Acid dragon scale |       |       |       |       |       |       |       |   270 ||   270
       Skin              |       |       |       |       |       |       |       |     1 ||     1
Dodge: Dodged            |    52 |    75 |   237 |   266 |   643 |   861 |   996 |   786 ||  3916
Block: Buckler           |       |       |       |       |   267 |  1263 |  1143 |   869 ||  3542
       Reflection        |       |       |       |       |       |    25 |    50 |    32 ||   107
